 Dungeon Crawl Stone Soup version 0.32-a0-898-g7811c86cf0 (webtiles) character file.

Game seed: 3495124008497557019

51 GeoRichter the Slasher (level 3, 0/27 HPs)
             Began as a Coglin Warper on Apr 4, 2024.
             Was an Initiate of Elyvilon.
             Slain by Grinder (3 damage)
             ... on level 4 of the Dungeon.
             The game lasted 00:03:15 (1088 turns).

GeoRichter the Slasher (Coglin Warper)              Turns: 1088, Time: 00:03:16

Health: 0/27       AC:  5    Str: 11    XL:     3   Next: 83%
Magic:  5/5        EV:  9    Int: 12    God:    Elyvilon [......]
Gold:   73         SH:  0    Dex: 15    Spells: 5/5 levels left

rFire   . . .        a - +0 falchion {Shatu-murrim}
rCold   . . .        e - +0 dagger {Ximena}
rNeg    . . .        p - +0 ring mail
rPois   .            (no helmet)
rElec   .            (no cloak)
rCorr   .            (no gloves)
SInv    .            (no boots)
Will    +....        (amulet unavailable)
Stlth   +            (ring unavailable)
HPRegen 0.24/turn    (ring unavailable)
MPRegen 0.09/turn    (no gizmo)

%: no passive effects
@: enlightened, flying, revving
A: off-hand wielding, slow wielding, warmup strikes, no jewellery
a: Invent Gizmo, Renounce Religion


You were on level 4 of the Dungeon.
You worshipped Elyvilon.
Elyvilon was noncommittal.
You visited 1 branch of the dungeon, and saw 3 of its levels.

You collected 73 gold pieces.

Inventory:

Hand Weapons
 a - a +0 falchion (weapon) {Shatu-murrim}
 e - a +0 dagger (offhand) {Ximena}
Missiles
 d - 7 darts of dispersal (quivered) {!f}
 h - 7 poisoned darts
Armour
 p - a +0 ring mail (worn)
   (You found it on level 4 of the Dungeon)
Scrolls
 c - a scroll of blinking
 i - a scroll of poison {!r}
 n - a scroll of enchant weapon {unknown}
 o - a scroll of teleportation {@r4}
Potions
 f - 2 potions of attraction {unknown}
 g - a potion of heal wounds {@q2}
 j - a potion of resistance
 k - a potion of mutation {unknown}
 l - a potion of curing {unknown}


   Skills:
 - Level 2.0 Fighting
 * Level 4.0 Long Blades
 - Level 0.8 Throwing
 - Level 0.8 Armour
 - Level 1.7 Dodging
 - Level 1.7 Spellcasting
 - Level 3.0 Translocations


You had 5 spell levels left.
You didn't know any spells.
Your spell library contained the following spells:

 Spells                   Type           Power      Damage    Failure   Level
 Blink                    Tloc           16%        N/A       30%         2
 Lesser Beckoning         Tloc           16%        N/A       30%         2
 Momentum Strike          Conj/Tloc      8%         3d8       50%         2
 Maxwell's Portable Pile  Tloc           8%         2d(6-16)  52%         3
 Teleport Other           Tloc           8%         N/A       52%         3
 Vhi's Electric Charge    Tloc/Air       8%         N/A       98%         4
 Animate Armour           Summ/Erth      2%         N/A       100%        4
 Summon Lightning Spire   Summ/Air       1%         N/A       100%        4
 Lee's Rapid Deconstruct  Erth           0%         3d4*      100%        5


Dungeon Overview and Level Annotations

Branches:
Dungeon (2/15) Zot: 16907

Altars:
Elyvilon

Shops:
D:1 *=*[

Annotations:
D:4 Eustachio, Grinder


Innate Abilities, Weirdness & Mutations

You can wield a second weapon in your off-hand.
It takes a long time for you to wield or remove held weapons.
Your first few attacks do less damage.
You cannot equip rings or amulets.


Message History

You see here a hobgoblin corpse.
You start resting.
HP restored.
Found a stone staircase leading down.
Grinder gestures at you. Pain shoots through your body!
You feel much better.
You feel very buoyant.
You fly up into the air.
You slash Grinder with your +0 falchion!
Grinder is lightly wounded.
You closely miss Grinder with your +0 dagger.
Grinder hits you but does no damage.
You hit Grinder but do no damage.
Grinder is lightly wounded.
You hit Grinder with your +0 falchion. Grinder hits you but does no damage.
You hit Grinder with your +0 falchion.
Grinder is heavily wounded.
You barely miss Grinder with your +0 dagger.
Grinder barely misses you.
You hit Grinder with your +0 falchion.
Grinder is heavily wounded.
You barely miss Grinder with your +0 dagger.
Grinder blinks!
Grinder gestures at you. You resist with significant effort.
You barely miss Grinder with your +0 falchion.
Grinder is heavily wounded.
You hit Grinder with your +0 dagger. Grinder hits you but does no damage.
You barely miss Grinder with your +0 dagger.
Grinder is heavily wounded.
You closely miss Grinder with your +0 falchion.
Grinder says, "Tell me all your secrets, or I'll kill you."
Grinder blinks!
Grinder says, "DUCK!"
You start waiting.
Grinder is nearby!
Grinder blinks!
Grinder hits you!
You writhe in agony.
You completely miss Grinder with your +0 falchion.
Grinder is heavily wounded.
You hit Grinder but do no damage. Grinder hits you.
You writhe in agony.
* * * LOW HITPOINT WARNING * * *
You closely miss Grinder with your +0 falchion.
Grinder is heavily wounded.
You hit Grinder but do no damage. Grinder hits you!
* * * LOW HITPOINT WARNING * * *
You writhe in agony.
You die...
Grinder says, "Hey, I wasn't done torturing you yet!"

..##.## ......##
.......# ...#...# ######
...##..# ##....##
...##..#####......#
.#####.[...#......#####
... #..†......##..#..##
...............#@......#
.$.............#.5#..###
.....#............####
.....##.$........##
................##
...#...........#.# ...
.........>.#.#
............ #.
.............


You could see Grinder.

Vanquished Creatures
  A ribbon worm (D:4)
  A dart slug (D:1)
  5 bats
  5 endoplasms
  2 giant cockroaches
  3 goblins (D:1)
  5 hobgoblins
  3 quokkas
  3 ball pythons (D:4)
  4 frilled lizards
  8 kobolds
  4 rats (D:1)
44 creatures vanquished.

Notes
Turn   | Place    | Note
-------+----------+-------------------------------------------
     0 | D:1      | GeoRichter the Coglin Warper began the quest for the Orb.
     0 | D:1      | Reached XP level 1. HP: 16/16 MP: 3/3
    77 | D:1      | Found Odiank's Assorted Antiques.
    92 | D:1      | Reached XP level 2. HP: 17/22 MP: 4/4
   170 | D:1      | Reached skill level 3 in Long Blades
   285 | D:1      | Found Giefywuo's Jewellery Shop.
   360 | D:1      | Found Hatiodiv's Assorted Antiques.
   369 | D:1      | Reached XP level 3. HP: 27/27 MP: 5/5
   400 | D:1      | Found Bytaaqucs's Armour Emporium.
   754 | D:2      | You fall into a shaft and drop 2 floors!
   777 | D:4      | Noticed Eustachio
   796 | D:4      | Noticed Grinder
   820 | D:4      | Found a white marble altar of Elyvilon.
   844 | D:4      | Became a worshipper of Elyvilon the Healer
  1011 | D:4      | Reached skill level 4 in Long Blades
  1088 | D:4      | Slain by Grinder

Illustrated notes

Levels and vault maps discovered:
D:1:      minmay_arrival_three_doors, layout_rooms, serial_shops,
          nicolae_shop_pleasant_corner_grove, nicolae_shop_just_a_little_nook,
          nicolae_shop_rolling_square, nicolae_shop_overgrown_old_shop
D:2:      layout_loops_ring, serial_glass, glass_columns_a, glass_columns_b,
          st_stairs_5, minmay_misc_feat_tiny, uniq_natasha
D:4:      layout_cave_pools, elyvilon_altar_5, zin_angel, uniq_eustachio,
          uniq_grinder

Skill      XL: |  1  2  3 |
---------------+----------+-----
Long Blades    | 3 4 |  4.0
Fighting       | |  2.0
Throwing       | |  0.8
Armour         | |  0.8
Dodging        | |  1.7
Spellcasting   | |  1.7
Translocations | |  3.0

Action                     || total
---------------------------++-------
  Melee: Falchion          ||   117
         Dagger            ||   114
    Use: Scroll            ||     6
         Potion            ||     2
   Stab: Sleeping          ||     1
 Armour: Leather armour    ||    77
         Ring mail         ||    13
  Dodge: Dodged            ||    61

Table legend: (Time is in decaauts)
 A = Elapsed time spent in this place.
 B = Non-inter-level travel time spent in this place.
 C = Inter-level travel time spent in this place.
 D = Time resting spent in this place.
 E = Time spent auto-exploring this place.
 F = Levels seen in this place.
 G = Mean time per level.
                   A        B        C        D        E       F      G
               +--------+--------+--------+--------+--------+-----+--------+
         Total |   1091 |   1049 |     42 |    165 |    439 |   3 |  363.7 |
       Dungeon |   1091 |   1049 |     42 |    165 |    439 |   3 |  363.7 |
               +--------+--------+--------+--------+--------+-----+--------+

Top non-repeatable levels by time:
     D:1: 667 daAuts
     D:4: 334 daAuts
     D:2: 89 daAuts
